[Event "5th Sharjah Masters 2022"]
[Site "Sharjah"]
[Date "2022.05.26"]
[Round "6.16"]
[White "Yuffa, Daniil"]
[Black "Ponkratov, Pavel"]
[Result "0-1"]
[ECO "D38"]
[WhiteElo "2597"]
[BlackElo "2624"]
[Annotator "TA"]
[PlyCount "74"]
[EventDate "2022.05.21"]
[EventType "swiss"]
[EventCountry "UAE"]
[SourceTitle "playchess.com"]
[Source "ChessBase"]
[SourceQuality "1"]
[TimeControl "5400+30"]

1. d4 Nf6 2. c4 e6 3. Nf3 d5 4. Nc3 Bb4 5. Qa4+ Nc6 6. e3 O-O 7. Bd2 Re8 {[%emt 0:03:40] D38: Queen's Gambit Declined: Ragozin Defence (4 Nf3 Bb4).} 8. Qc2 a6 9. a3 Bd6 {[%emt 0:01:36] The position is equal.} 10. h3 dxc4 $5 {[%emt 0:08:07][%mdl 4] Exploring less charted territory.} 11. Bxc4 b5 12. Bd3 e5 13. Ne4 Bb7 $1 {[%emt 0:00:45][%cal Oc6d4] [#]} 14. d5 $146 ({Predecessor:} 14. O-O-O exd4 15. exd4 Nxd4 16. Nxf6+ Qxf6 17. Nxd4 Qxd4 18. Bxh7+ Kh8 19. Be3 Qc4 20. Rd4 Qxc2+ 21. Bxc2 {0-1 (41) Mamedyarov,S (2764)-Gasanov,E (2481) Chess.com INT 2020}) 14... Nxd5 15. Nxd6 cxd6 16. Bxh7+ Kh8 ({Black should try} 16... Kf8 $15) 17. Be4 $14 Rc8 18. Qd1 (18. Bxd5 Ne7 $1 19. Bc6 f6 $15) 18... Nf6 19. Ng5 Kg8 20. Bf5 (20. Qb3 Qd7 $15) 20... Rc7 21. h4 Ne7 22. Bb1 Qc8 23. Ba5 Rc4 (23... Bxg2 24. Rg1 Bd5 25. Bxc7 Qxc7 26. h5 $14) 24. Ba2 Bxg2 25. Rh2 (25. Bxc4 $11 {remains equal.} bxc4 26. Rg1) 25... Bd5 {[%emt 0:01:06] aiming for ...Rg4.} 26. Bxc4 bxc4 (26... Qxc4 27. Rc1 Qg4 28. Qxg4 Nxg4 29. Rh3 $11) 27. Bb4 (27. Bc3 $1 $15) 27... Ng6 ({Black should play} 27... a5 $17 28. Bc3 (28. Bxd6 $2 Nf5 $19) 28... Ng4) 28. f3 $1 $11 (28. Bxd6 $2 Qf5 29. Rc1 Nxh4 $1 30. Rxh4 Qxg5 31. Rhxc4 Qg1+ 32. Kd2 Qxf2+ 33. Qe2 Qf5 $19) 28... a5 $36 {[%emt 0:05:47][%mdl 3072] Black has compensation. White is under pressure.} 29. Bc3 ({Reject} 29. Bxd6 Rd8 30. e4 (30. h5 $2 Qf5 $17) 30... Rxd6 31. exd5 Qc5 $17) 29... Qc5 30. Qd2 {[%emt 0:00:23] [#] And now 0-0-0 would win.} Nf4 $1 31. O-O-O (31. Kf1 Nd3) 31... Nd3+ 32. Kb1 Rb8 {[%emt 0:00:32][%cal Od3b2] Threatens to win with ...Nxb2!} 33. Ka1 (33. e4 $15 Qxa3 34. Rc1 (34. exd5 $2 Nxd5 35. Rc1 Qa4 $19)) 33... Rb3 $17 {[%emt 0:00:24][%cal Od5f3] Strongly threatening ...Bxf3! Black is much more active.} 34. e4 {[%emt 0:00:57] [#]} Bc6 (34... Nxb2 $1 $19 35. Bxb2 c3) 35. Ka2 (35. h5 $11 Rxa3+ 36. bxa3 Qxa3+ 37. Kb1 Qb3+ 38. Ka1 Qa3+ 39. Kb1 Qb3+ 40. Ka1 Qa3+) 35... d5 36. exd5 Nxd5 {[%emt 0:00:23] Dancing on a razor blade. Pair of Knights!} 37. Bxa5 (37. Rc1) 37... Nxb2 {[%emt 0:02:51] Weighted Error Value: White=0.55/Black=0.25 (precise)} 0-1

[Event "5th Sharjah Masters 2022"]
[Site "Sharjah"]
[Date "2022.05.26"]
[Round "6.17"]
[White "Sanal, Vahap"]
[Black "Sadhwani, Raunak"]
[Result "1/2-1/2"]
[ECO "C47"]
[WhiteElo "2575"]
[BlackElo "2619"]
[Annotator "TA"]
[PlyCount "39"]
[EventDate "2022.05.21"]
[EventType "swiss"]
[EventCountry "UAE"]
[SourceTitle "playchess.com"]
[Source "ChessBase"]
[SourceQuality "1"]
[TimeControl "5400+30"]

1. e4 e5 2. Nf3 Nc6 3. Nc3 Nf6 4. d4 exd4 5. Nxd4 Bb4 6. Nxc6 bxc6 7. Bd3 O-O 8. O-O d5 9. exd5 cxd5 {[%emt 0:01:06] The position is equal.} 10. h3 {[%emt 0:00:08] C47: Scotch Four Knights and Four Knights with 4 g3.} Rb8 11. Be3 {[%emt 0:04:17] [#]} a5 $146 ({Predecessor:} 11... Bd6 12. Bxa7 Rxb2 13. Bd4 Rb8 14. Bxf6 Qxf6 15. Nxd5 {½-½ (15) Seyfried,C (2148)-Hassenrueck,H (2208) Niederhausen 2016}) 12. Bd4 Be6 13. Na4 Nd7 14. b3 Qh4 15. f4 Bxh3 16. gxh3 {[%emt 0:19:47] [#] aiming for Qg4.} Qg3+ 17. Kh1 Qxh3+ 18. Kg1 {[%emt 0:00:03] Hoping for Qf3.} Qg3+ 19. Kh1 Qh3+ 20. Kg1 {[%emt 0:00:06] An even fight not without its subleties.  Weighted Error Value: White=0.04 (flawless) /Black=0.03 (flawless)} 1/2-1/2

[Event "5th Sharjah Masters 2022"]
[Site "Sharjah"]
[Date "2022.05.26"]
[Round "6.18"]
[White "Adhiban, B.."]
[Black "Van Foreest, Lucas"]
[Result "1/2-1/2"]
[ECO "D30"]
[WhiteElo "2616"]
[BlackElo "2572"]
[Annotator "TA"]
[PlyCount "53"]
[EventDate "2022.05.21"]
[EventType "swiss"]
[EventCountry "UAE"]
[SourceTitle "playchess.com"]
[Source "ChessBase"]
[SourceQuality "1"]
[TimeControl "5400+30"]

1. d4 d5 2. c4 e6 3. Nf3 Nf6 4. Bg5 Be7 5. e3 O-O 6. Nbd2 b6 {[%emt 0:00:05] is the legacy move (6...Nbd7). D30: Queen's Gambit Declined: Systems without Nc3.} 7. Rc1 h6 8. Bh4 Bb7 9. Be2 Nbd7 10. O-O c5 11. cxd5 Nxd5 12. Bg3 Rc8 13. a3 N5f6 14. h3 a6 15. Bh2 {[%emt 0:00:11] [#]} cxd4 $146 ({Predecessor:} 15... b5 16. a4 Qb6 17. axb5 axb5 18. dxc5 Nxc5 19. Nd4 Ba6 20. Bf3 Bb7 21. Be2 Ba6 22. Bf3 Bb7 {½-½ (22) Ivanov,M (2425)-Baramidze,D (2463) Bad Zwesten 2004}) 16. Rxc8 {[%emt 0:01:40] The position is equal.} Qxc8 17. Nxd4 Qa8 18. Bf3 Rc8 19. Qb1 Bc5 20. N4b3 Bf8 21. Rd1 Nc5 22. Bxb7 Qxb7 23. Be5 Ncd7 24. Bg3 Nc5 25. Be5 Ncd7 26. Bg3 Nc5 27. Be5 {[%emt 0:00:19] A balanced but interesting game.  Weighted Error Value: White=0.02 (flawless) /Black=0.03 (flawless)} 1/2-1/2

[Event "5th Sharjah Masters 2022"]
[Site "Sharjah"]
[Date "2022.05.26"]
[Round "6.19"]
[White "Ter-Sahakyan, Samvel"]
[Black "Azarov, Sergei"]
[Result "1/2-1/2"]
[ECO "C92"]
[WhiteElo "2640"]
[BlackElo "2588"]
[Annotator "TA"]
[PlyCount "87"]
[EventDate "2022.05.21"]
[EventType "swiss"]
[EventCountry "UAE"]
[SourceTitle "playchess.com"]
[Source "ChessBase"]
[SourceQuality "1"]
[TimeControl "5400+30"]

1. e4 e5 2. Nf3 Nc6 3. Bb5 a6 4. Ba4 Nf6 5. O-O Be7 6. Re1 b5 7. Bb3 d6 8. c3 O-O 9. h3 Bb7 10. d4 Re8 11. a3 {[%emt 0:01:34] C92: Closed Ruy Lopez: 9...Be6, Karpov and Flohr-Zaitsev Variations.} h6 12. Ba2 $1 {[%emt 0:03:27][%mdl 4] is now more promising than 12.Nbd2.} Bf8 13. d5 (13. Nbd2 {keeps more tension.} Nb8 14. Qb3 Qd7 15. Bb1) 13... Na7 {[%emt 0:26:31] [#]} 14. b3 $146 ({Predecessor:} 14. c4 bxc4 15. Bxc4 c6 16. Nc3 Nb5 17. dxc6 Bxc6 18. Nd5 Nxd5 19. Bxd5 Qd7 20. Be3 Bxd5 21. Qxd5 {0-1 (54) Suetin,A-Gligoric,S Budva 1967}) 14... c5 15. c4 a5 16. a4 b4 17. Nbd2 Nc8 18. Bb1 Ne7 19. Nf1 Ng6 20. Ra2 Bc8 21. h4 Ra7 22. g3 Bh3 23. N3h2 Qc8 24. Ne3 {[%emt 0:01:12] h5 is the strong threat.} Bd7 25. Kh1 Kh8 26. Rg1 Qd8 27. Re2 Bc8 28. Ree1 Ne7 29. Qf3 Neg8 30. Bd3 g6 31. g4 Nh7 32. Qg3 Bg7 33. Rg2 Rf8 34. Reg1 Re7 35. Nf3 Ree8 ({Better is} 35... h5) 36. Nf5 f6 $2 {[%emt 0:09:04] [#]} (36... Ngf6 $16 {was necessary.}) 37. g5 $1 $18 h5 38. Nxg7 Kxg7 39. gxf6+ Rxf6 40. Ng5 {[%emt 0:00:06] Black must now prevent Be2.} Bg4 {[%emt 0:01:33] [#]} 41. f4 (41. f3 $1 $18 Nxg5 42. fxg4 (42. Bxg5 Bxf3 43. Bxf6+ Qxf6 $15)) 41... Nxg5 $11 {[%emt 0:00:52] The position is equal.} 42. hxg5 ({Don't go for} 42. fxg5 $2 Rf3 43. Re1 Rxg3 $19) 42... Rxf4 43. Bxf4 exf4 44. Qxf4 {[%emt 0:03:02] Weighted Error Value: White=0.22 (precise) /Black=0.16 (very precise)} 1/2-1/2

[Event "5th Sharjah Masters 2022"]
[Site "Sharjah"]
[Date "2022.05.26"]
[Round "6.21"]
[White "Jumabayev, Rinat"]
[Black "Vokhidov, Shamsiddin"]
[Result "1-0"]
[ECO "A17"]
[WhiteElo "2628"]
[BlackElo "2536"]
[Annotator "TA"]
[PlyCount "85"]
[EventDate "2022.05.21"]
[EventType "swiss"]
[EventCountry "UAE"]
[SourceTitle "playchess.com"]
[Source "ChessBase"]
[SourceQuality "1"]
[TimeControl "5400+30"]

1. Nf3 Nf6 2. c4 e6 3. Nc3 d5 4. e3 b6 5. b3 Bb7 6. Bb2 {[%emt 0:00:04] A17: English Opening: 1...Nf6 with ...Bb4.} Nbd7 7. Qc2 a6 8. Be2 {[%emt 0:07:22] The position is equal.} Bd6 9. O-O O-O 10. Rad1 $5 {[%emt 0:09:22][%mdl 4] A promising side line.} c5 11. cxd5 exd5 12. d4 {[%emt 0:00:05] [#]} Rc8 $146 ({Predecessor:} 12... Qe7 13. Bd3 Ne4 14. dxc5 Ndxc5 15. Ne2 Rac8 16. Qb1 f5 17. Bc2 Ne6 18. Ned4 f4 {1-0 (38) Balashov,Y (2555)-Goloshchapov,A (2400) Moscow 1998}) 13. dxc5 bxc5 14. Qf5 Qe7 15. Nxd5 (15. Rfe1 {with more complications.} Rfd8 16. Qh3 Re8 17. Nh4) 15... Nxd5 16. Rxd5 Bxd5 17. Qxd5 {[%emt 0:01:52] [#] Black must now prevent Rd1.} Rfd8 18. Qf5 $40 {[%emt 0:08:44][%mdl 128] White mounts an attack.} ({Inferior is} 18. Bxa6 {[#]} Nb8 $1 19. Qa8 Nxa6 20. Qxa6 Ra8 $17) 18... g6 19. Qc2 Ne5 20. Bxe5 ({Don't play} 20. Bxa6 Nxf3+ 21. gxf3 Bxh2+ 22. Kxh2 Qd6+ 23. Kg2 Qxa6 $15) (20. Nd2 $14 {feels stronger.}) 20... Bxe5 $11 21. Bxa6 Ra8 22. Bc4 Kg7 (22... Ra3 $1 $11 {remains equal.}) 23. a4 $16 {[%emt 0:00:07] Black is now going downhill.} Bc7 24. g3 Ba5 25. h4 f5 (25... Qf6 $142 26. Kg2 Ra7) 26. Ng5 {[%emt 0:07:50] aiming for Qb2+. White is clearly better.} Rd6 27. Qb2+ Qf6 28. Qxf6+ Kxf6 29. Nxh7+ Ke7 30. Ng5 Bc3 31. Rc1 Bb4 32. Nf7 Rd2 33. Ne5 Kf6 34. Nf3 Rd6 35. Kg2 Rad8 36. Be2 Ra8 37. Rc4 Rad8 38. g4 fxg4 (38... Kg7 {was worth a try.} 39. gxf5 gxf5) 39. Rxg4 $18 Re8 40. Bc4 Re7 41. Ng5 Kg7 42. Ne4 Rb6 43. Kf3 {[%emt 0:00:59] Weighted Error Value: White=0.04 (flawless) /Black=0.14 (very precise)} 1-0

[Event "5th Sharjah Masters 2022"]
[Site "Sharjah"]
[Date "2022.05.26"]
[Round "6.23"]
[White "Moroni, Luca Jr"]
[Black "Ganguly, Surya Shekhar"]
[Result "1/2-1/2"]
[ECO "D41"]
[WhiteElo "2581"]
[BlackElo "2616"]
[Annotator "TA"]
[PlyCount "138"]
[EventDate "2022.05.21"]
[EventType "swiss"]
[EventCountry "UAE"]
[SourceTitle "playchess.com"]
[Source "ChessBase"]
[SourceQuality "1"]
[TimeControl "5400+30"]

1. c4 c5 2. Nf3 Nf6 3. Nc3 d5 4. cxd5 Nxd5 5. d4 e6 6. e4 Nxc3 7. bxc3 cxd4 8. cxd4 Bb4+ 9. Bd2 Bxd2+ 10. Qxd2 O-O 11. Rc1 b6 {[%emt 0:01:41] D41: Queen's Gambit Declined: Semi-Tarrasch with 5 cxd5.} 12. Bd3 Bb7 13. Qe3 Nd7 14. e5 Bxf3 15. Qxf3 b5 16. O-O b4 {[%emt 0:02:20] [#]} 17. Rc6 $146 ({Predecessor:} 17. Be4 Rc8 18. Qd3 g6 19. Qb5 Rb8 20. Qa4 a5 21. Rfd1 Nb6 22. Qxa5 Nd5 23. Qxd8 Rfxd8 24. Bxd5 Rxd5 {½-½ (32) Martinovic,S (2563)-Pikula,D (2477) Germany 2019}) 17... Nb6 18. Qe4 g6 19. Rd6 Qe7 20. Rc1 Nd5 21. Rcc6 Rac8 22. h4 Rxc6 23. Rxc6 Rd8 24. Bc4 Kg7 (24... Nc3 $5 25. Qg4 h5 $15) 25. Bxd5 Rxd5 $11 {[%emt 0:00:13][%mdl 4096] Endgame KQR-KQR} 26. h5 (26. Qf4 $11) 26... gxh5 $15 27. Rc1 Qg5 28. f4 ({Better is} 28. Rc4 $1 $15) 28... Qg6 29. Qe3 Ra5 30. Qf2 h4 31. Rc7 (31. Rc2 $17) 31... Qg3 32. Rb7 Qxf2+ 33. Kxf2 Rxa2+ $19 {[%emt 0:00:29] KR-KR} 34. Kf3 Ra3+ ({Weaker is} 34... a5 35. f5 exf5 36. e6 Ra3+ 37. Ke2 Ra2+ 38. Kd3 $11) 35. Kg4 Rg3+ 36. Kxh4 Rxg2 37. Rxb4 Kg6 $1 {[%emt 0:03:14] And now ...h5 would win.} 38. Ra4 Rd2 {[%emt 0:04:22] Strongly threatening ...Rd3.} 39. Kg3 {[%emt 0:01:22] [#]} (39. Kg4 $17) 39... a5 $1 40. Kf3 Kf5 41. Ke3 {[%emt 0:00:46] [#]} Rh2 42. Rxa5 Rh3+ 43. Kf2 Ke4 ({Black should play} 43... Kxf4 $19 {aiming for ...Ke4.} 44. d5 Rh2+ 45. Kg1 Rh5) 44. Kg2 $1 $11 {[%emt 0:01:47] The position is equal.} Rh4 45. Ra4 $1 Rg4+ (45... Kxf4 $2 46. d5+ Kxe5 47. Rxh4 $18) 46. Kh3 h5 (46... Rxf4 47. d5+ Kxe5 48. Rxf4 exd5 49. Rxf7 h5 50. Kg3 Ke4 51. Kf2) 47. d5+ $1 Kxd5 48. Rb4 Kc5 49. Ra4 Kb5 50. Re4 Kb6 51. Rc4 Kb7 52. Kh2 Ka6 53. Kh3 Ka5 54. Rd4 Kb5 55. Re4 Kc5 56. Ra4 Kd5 57. Rb4 Rg1 58. Kh4 Rh1+ 59. Kg5 h4 60. Kg4 h3 61. Kg3 h2 62. Kg2 Re1 63. Kxh2 Re4 64. Rxe4 Kxe4 {[%emt 0:00:01] KPP-KPP} 65. Kg3 Kf5 (65... Ke3 $5) 66. Kf3 f6 67. exf6 Kxf6 68. Ke3 e5 (68... Kf5 $5) 69. fxe5+ Kxe5 {[%emt 0:07:24] And White is the lucky defender.  Weighted Error Value: White=0.12 (very precise) /Black=0.13 (very precise)} 1/2-1/2

[Event "5th Sharjah Masters 2022"]
[Site "Sharjah"]
[Date "2022.05.26"]
[Round "6.24"]
[White "Gharibyan, Mamikon"]
[Black "Mchedlishvili, Mikheil"]
[Result "0-1"]
[ECO "E28"]
[WhiteElo "2487"]
[BlackElo "2595"]
[Annotator "TA"]
[PlyCount "158"]
[EventDate "2022.05.21"]
[EventType "swiss"]
[EventCountry "UAE"]
[SourceTitle "playchess.com"]
[Source "ChessBase"]
[SourceQuality "1"]
[TimeControl "5400+30"]

1. d4 Nf6 2. c4 e6 3. Nc3 Bb4 4. e3 O-O 5. a3 Bxc3+ 6. bxc3 Nc6 {[%emt 0:01:41][%cal Bb8c6,Bc6a5,Ba5b3,Bb3c1][%mdl 32] E28: Nimzo-Indian: Sämisch: 5...0-0 6 e3.} 7. Ne2 b6 8. Ng3 Ba6 {[%emt 0:01:41] Black is slightly better.} 9. e4 Ne8 (9... d6 $5 ) 10. Bd3 Na5 ({Don't take} 10... Nd6 11. e5 Ne8 12. O-O $16 (12. Qh5 f5 $14)) 11. Qe2 $1 c5 12. d5 {[%emt 0:17:17] [#]} f5 $5 $146 {[%emt 0:12:07][%mdl 8] New and interesting.} ({Predecessor:} 12... f6 13. e5 fxe5 14. dxe6 dxe6 15. O-O Nf6 16. Bg5 Qc7 17. f4 Nc6 18. Rae1 Rad8 19. Ne4 exf4 20. Rxf4 Nd7 21. Rh4 Nde5 22. Rxh7 Nf3+ 23. gxf3 Kxh7 24. Bxd8 {1-0 (24) Lalith,B (2569)-Debashis,D (2507) Jalgaon 2013}) 13. exf5 exd5 14. cxd5 Bxd3 15. Qxd3 Nb3 {[%emt 0:15:23] Pair of Knights!} 16. Rb1 Nxc1 17. Rxc1 Qe7+ 18. Qe3 Qf7 19. c4 Nd6 20. O-O Rae8 21. Qd2 Nxf5 22. Nxf5 Qxf5 23. Rfe1 Qf4 24. Qc2 h6 25. h3 d6 26. a4 Re5 27. Rxe5 Qxe5 $11 {[%emt 0:00:06][%mdl 4096] Endgame KQR-KQR} 28. Qg6 Rf4 29. g3 Re4 30. Kg2 Re2 31. h4 Qe4+ 32. Qxe4 Rxe4 {[%emt 0:00:04] KR-KR} 33. Kf3 Rd4 34. Ke2 Kf7 35. Rc3 Kg6 36. f3 h5 37. Ke1 Kf6 38. Ke2 $1 Kf7 39. Ke1 g6 40. Ke2 $1 Kf6 41. Ke1 g5 42. hxg5+ Kxg5 {[%emt 0:00:04] With the idea ...h4.} 43. Ke2 h4 44. gxh4+ Rxh4 45. Ke3 Kf5 46. Rc1 $1 {[%emt 0:00:55] Against Rh1} Rh2 47. a5 {[%emt 0:00:37] [#]} (47. Ra1 $1 $11 {was the only way to keep the balance.}) 47... Rb2 (47... b5 $1 $17 {[%cal Rb5b4] aiming for ...b4.} 48. cxb5 Rb2) 48. axb6 axb6 49. Kd3 b5 50. cxb5 $2 {[%emt 0:00:34][%mdl 8192] Black keeps a firm grip on the game.} (50. Kc3 $11 {and White has nothing to worry.} Rf2 51. cxb5) 50... Rxb5 $19 {[%emt 0:00:05] Strongly threatening ...Ke5.} 51. Kc3 $2 (51. Rh1 Rb4 52. Rh5+ Kg6 53. Rh8) 51... Ke5 (51... Rb4 $142 52. Rh1 Rd4) 52. Rd1 (52. f4+ Kxd5 53. Rf1) 52... Rb4 53. Rd2 Ra4 {[%emt 0:00:10] Threatens to win with ...Kf4.} 54. Rd1 Kf4 55. Rh1 $2 {[%emt 0:00:32][%mdl 8192] [#]} (55. Re1 $11) 55... Rd4 $1 56. Rh4+ Ke3 57. Rh6 Rxd5 58. Rf6 Rd4 59. f4 Ke4 60. Rf8 Kd5 (60... Ra4 $142 61. f5 Ke5) 61. Rf6 Ra4 {[%emt 0:00:41] Hoping for ...Ra3+.} 62. Kb3 {[%emt 0:00:30] Inhibits Ra3+.} Ra1 (62... Ra8 $142 63. Kb2 c4) 63. Rf5+ Ke4 {[%emt 0:00:14] Black mates.} 64. Rf8 d5 65. f5 Rf1 66. f6 Kd4 67. Kc2 c4 68. f7 Rf2+ 69. Kd1 Kd3 70. Ke1 Rf5 71. Rd8 Rxf7 72. Rxd5+ Kc2 73. Rd2+ Kb3 74. Rd8 c3 75. Ke2 Kc2 76. Re8 Rd7 77. Ke1 Kc1 78. Ke2 c2 79. Ke1 Rb7 {[%emt 0:00:14] Weighted Error Value: White=0.72/Black=0.18 (very precise)} 0-1

[Event "5th Sharjah Masters 2022"]
[Site "Sharjah"]
[Date "2022.05.26"]
[Round "6.25"]
[White "Nihal Sarin"]
[Black "Baenziger, Fabian"]
[Result "1-0"]
[ECO "A07"]
[WhiteElo "2646"]
[BlackElo "2430"]
[Annotator "TA"]
[PlyCount "77"]
[EventDate "2022.05.21"]
[EventType "swiss"]
[EventCountry "UAE"]
[SourceTitle "playchess.com"]
[Source "ChessBase"]
[SourceQuality "1"]
[TimeControl "5400+30"]

1. Nf3 d5 2. g3 Bg4 3. Bg2 Nd7 4. d3 e6 5. h3 Bh5 6. O-O {[%emt 0:00:59] A07: Réti Opening: New York and Capablanca Systems.} Bd6 7. c4 $5 {[%emt 0:09:12][%mdl 4] Exploring less charted territory.} c6 8. cxd5 {[%emt 0:07:37] The position is equal.} exd5 9. Qc2 $5 {[%emt 0:01:59][%mdl 4] An interesting side line.} Ne7 10. e4 O-O 11. Nc3 Rc8 {[%emt 0:08:53] [#]} 12. g4 $146 ({Predecessor:} 12. Re1 Nc5 13. Nh4 Ne6 14. f4 d4 15. Ne2 f6 16. Nf5 Bf7 17. Nxd6 Qxd6 18. f5 {1-0 (41) Nakamura,H (2736)-Tang,A (2512) Chess.com INT 2021}) 12... Bg6 13. Nh4 dxe4 14. dxe4 Qc7 15. f4 {[%emt 0:01:25] Black must now prevent f5.} f6 16. Nxg6 Nxg6 17. Ne2 Bc5+ 18. Kh1 Nh4 19. Bd2 Rce8 20. Rad1 Kh8 21. Ng3 (21. Be1 $5 Nxg2 22. Kxg2 $14) 21... Rd8 22. Bc3 Be3 {[%emt 0:09:10] [#]} 23. e5 $1 fxe5 24. fxe5 Bf4 $1 (24... Nxe5 $2 25. Rxd8 Qxd8 26. Rxf8+ Qxf8 27. Bxe5 $18) (24... Nxg2 $2 25. Kxg2 Bg5 26. h4 $18) 25. Nh5 (25. Ne4 {seems wilder.} Ng6 26. e6 Nb6 27. Rxd8 Qxd8 28. Bb4) 25... Bxe5 (25... Nxg2 $14 26. Qxg2 (26. e6 Ne3 $14) 26... Bxe5) 26. Rxf8+ $16 Rxf8 {[%emt 0:00:12] [#]} 27. Rxd7 $1 {[%emt 0:00:16][%mdl 576] Remove Defender, Deflection} Qxd7 28. Bxe5 $40 {[%emt 0:00:06][%mdl 128] White goes for the king. This bishop pair is nice.} Rf7 29. Be4 Qe7 {[%emt 0:01:59] [#]} 30. Qd3 {[%emt 0:00:19] Inhibits Rf1+. White is much more active.} c5 (30... Qe8 $16 31. Bd4 a6) 31. a3 b5 (31... b6 $16 {was necessary.} 32. Bc3 Qf8) 32. Qd5 $18 {[%emt 0:02:54] And now Nxg7 would win.} Ng6 33. Bxg6 {[%emt 0:01:56] Really sharp!} (33. Bd6 $18 Qe8 34. Bxc5) 33... hxg6 $11 34. Nf4 (34. Ng3 $5 ) 34... Kh7 (34... Rxf4 $5 35. Bxf4 Qe1+ 36. Kg2 Qe2+ 37. Kg1 Qe1+ 38. Kg2 Qe2+ 39. Kg3 Qe1+ 40. Kg2 $11) 35. Kh2 {[%emt 0:00:59] Strongly threatening Ne6.} Qh4 $2 36. Kg2 Qe7 37. Kg3 {[%emt 0:00:16] Ne6 is the strong threat.} b4 $2 (37... Rf8 {keeps fighting.}) 38. Qe4 $2 (38. Ne6 $18 bxa3 39. bxa3 (39. h4 axb2 40. Bxb2 Rf1 $18)) 38... Rf6 {[%emt 0:00:15][%mdl 8192] Against Bd6} 39. Nd5 {[%emt 0:00:12] Weighted Error Value: White=0.39/Black=0.43} 1-0

[Event "5th Sharjah Masters 2022"]
[Site "Sharjah"]
[Date "2022.05.26"]
[Round "6.26"]
[White "Badelka, Olga"]
[Black "Ivic, Velimir"]
[Result "1-0"]
[ECO "E94"]
[WhiteElo "2453"]
[BlackElo "2623"]
[Annotator "TA"]
[PlyCount "97"]
[EventDate "2022.05.21"]
[EventType "swiss"]
[EventCountry "UAE"]
[SourceTitle "playchess.com"]
[Source "ChessBase"]
[SourceQuality "1"]
[TimeControl "5400+30"]

1. d4 Nf6 2. c4 g6 3. Nc3 Bg7 4. e4 d6 5. Nf3 O-O 6. Be2 Na6 7. O-O e5 8. Be3 c6 9. d5 Ng4 10. Bg5 f6 11. Bd2 f5 12. Bg5 Qc7 {[%emt 0:09:13] E94: King's Indian: Classical: 6 Be2 e5 7 0-0: Various Black 7th moves.} (12... Nf6 $11) 13. exf5 gxf5 14. Qd2 {[%emt 0:05:37] [#]} h6 $146 {[%emt 0:11:37] White is slightly better.} ({Predecessor:} 14... c5 15. Nb5 Qd7 16. Bh4 Nc7 17. Nxc7 Qxc7 18. Ng5 Qe7 19. f3 Nh6 20. g3 Bf6 21. Kh1 Nf7 22. Nxf7 Rxf7 23. Bxf6 {½-½ (23) Mihajlov,S (2371)-Lee,J (2305) Prague 2018}) 15. Bh4 c5 16. Ne1 Qf7 17. f3 Nf6 18. f4 e4 19. Nc2 Nc7 20. Ne3 Bd7 21. Kh1 Qg6 22. Qd1 Nce8 23. h3 h5 24. Rb1 b6 25. Rg1 Kf7 26. b4 Rc8 (26... Ng4 $16 {keeps fighting.} 27. hxg4 hxg4) 27. bxc5 $18 Rxc5 28. Nb5 Bxb5 29. Rxb5 Rc7 30. Nc2 Bh6 31. Qc1 Rh8 (31... Ng7 {was necessary.} 32. Nd4 Kg8) 32. Rb3 Bf8 33. Qd1 Be7 34. Be1 h4 35. Nd4 {[%emt 0:00:10] [#] g4 is the strong threat.} Nh5 36. Ne6 Rd7 37. g4 hxg3 38. Bxg3 (38. Rbxg3 $18 Nxg3+ 39. Rxg3) 38... Qh6 $16 39. Bh2 Nhg7 40. Rbg3 {[%emt 0:01:16] White is much more active. The black rooks are badly placed.} (40. Ng5+ $16 Kf8 41. Rg2) 40... Nxe6 $11 41. Bh5+ $1 Kf8 42. Rg6 $1 ({Reject} 42. dxe6 Qxe6 43. Be2 Bf6 $17) 42... Qh7 43. dxe6 Rc7 {[%emt 0:00:03] White must now prevent ...Bf6.} 44. R6g3 {[%emt 0:01:05] Hoping for Bg6.} Bh4 $1 (44... Qxh5 $2 45. Qxh5 Bf6 46. Qxf5 $18) 45. Bxe8 $40 {[%emt 0:00:39][%mdl 128] White mounts an attack. Really sharp! This bishop pair is nice.} ({Much weaker is} 45. Bg6 Qe7 46. Bxf5 Bxg3 47. Rxg3 Qf6 48. Bxe4 Qxe6 $17) 45... Bxg3 46. Bf7 $2 {[%emt 0:01:06][%mdl 8192] [#]} (46. Qxd6+ $11 {and White has nothing to worry.} Kxe8 47. Rxg3) 46... Qxh3 $4 (46... Bxf4 $1 $19 47. Qf1 Bxh2 48. Kxh2 Rc5) 47. Qxd6+ {[%emt 0:00:00] White mates.} Kg7 48. Rxg3+ Qxg3 49. Qe5+ {[%emt 0:00:00] White used his chance.  Weighted Error Value: White=0.30/Black=0.28 (precise)} 1-0